 Seeded DCSS version 0.28.0-47-ge53b351184 (webtiles) character file.

Game seed: 9340175 (custom seed)

51 xaos the Slasher (level 4, -12/33 HPs)
             Began as a Human Wanderer on May 7, 2022.
             Was a Follower of Makhleb.
             Mangled by a gnoll
             ... wielding a +0 halberd
              (15 damage)
             ... on level 2 of the Dungeon.
             The game lasted 00:05:45 (1945 turns).

xaos the Slasher (Human Wanderer)                   Turns: 1945, Time: 00:05:45

Health: -12/33     AC:  4    Str: 14    XL:     4   Next: 7%
Magic:  5/5        EV: 10    Int: 13    God:    Makhleb [*.....]
Gold:   27         SH:  4    Dex: 12    Spells: 5/5 levels left

rFire   . . .      SeeInvis .   a - +2 falchion
rCold   . . .      Faith    .   b - +0 buckler
rNeg    . . .      Spirit   .   d - +0 leather armour
rPois   .          Reflect  .   i - +0 helmet
rElec   .          Harm     .   (no cloak)
rCorr   .          Rampage  .   (no gloves)
Will    .....                   (no boots)
Stlth   +.........              (no amulet)
HPRegen 0.11/turn               (no ring)
MPRegen 0.09/turn               (no ring)

@: no status effects
A: no striking features
a: Renounce Religion


You were on level 2 of the Dungeon.
You worshipped Makhleb.
Makhleb was aware of your devotion.
You visited 1 branch of the dungeon, and saw 2 of its levels.

You collected 27 gold pieces.

Inventory:

Hand Weapons
 a - a +2 falchion (weapon)
Armour
 b - a +0 buckler (worn)
 c - a +0 robe
 d - a +0 leather armour (worn)
 i - a +0 helmet (worn)
Jewellery
 f - a +6 ring of dexterity
Scrolls
 g - a scroll of blinking {unknown}
 h - a scroll of silence {unknown}
Potions
 e - a potion of magic
 j - a potion of heal wounds
 k - a potion of brilliance {unknown}
 l - a potion of lignification {unknown}


   Skills:
 + Level 2.2 Fighting
 + Level 2.6 Long Blades
 + Level 1.2 Armour
 + Level 0.6 Dodging
 + Level 2.2 Shields
 + Level 1.1 Spellcasting
 + Level 2.5 Transmutations
 + Level 1.0 Evocations


You had 5 spell levels left.
You didn't know any spells.
Your spell library contained the following spells:

 Spells                   Type           Power      Damage    Failure   Level
 Wereblood                Tmut           7%         N/A       26%         2
 Passwall                 Tmut/Erth      3%         N/A       38%         2
 Borgnjor's Revivificati  Necr           0%         N/A       100%        8
 Necromutation            Tmut/Necr      2%         N/A       100%        8
 Death's Door             Necr           0%         N/A       100%        9


Dungeon Overview and Level Annotations

Branches:
Dungeon (2/15)

Altars:
Makhleb


Message History

The jackal barely misses you. The jackal bites you.
You hit the jackal.
The jackal is almost dead.
You block the jackal's attack. The jackal barely misses you.
You slash the jackal!
You kill the jackal!
Makhleb accepts your kill.
You feel better.
You see here a jackal corpse.
You start resting.
A bat comes into view.
A bat is nearby!
A bat is nearby!
You see here a jackal corpse.
You start resting.
A bat is nearby!
A bat is nearby!
You hit the bat.
You kill the bat!
Makhleb accepts your kill.
You feel better.
You see here a bat corpse.
You start resting.
HP restored.
You start waiting.
A gnoll comes into view. It is wielding a +0 halberd.
The gnoll shouts!
The gnoll hits you from afar with a +0 halberd!
The gnoll hits you with a +0 halberd!
You hit the gnoll but do no damage. The gnoll closely misses you.
You hit the gnoll.
The gnoll is lightly wounded.
The gnoll hits you with a +0 halberd!
* * * LOW HITPOINT WARNING * * *
The gnoll hits you with a +0 halberd.
* * * LOW HITPOINT WARNING * * *
You slash the gnoll!
The gnoll is almost dead.
The gnoll hits you with a +0 halberd!
You die...

..........#.#
#.............
#............
........).#.#
..........#.#######
#.................
##....g.##..#....
.......@...#..#
.............#
............##
#...........#####
.........÷#†.†..########
.........>####†)..÷<....
#.........# #..........
#.........# #..........
.........# #..........


You could see a gnoll.

Vanquished Creatures
  An adder (D:2)
  A dart slug (D:1)
  2 ball pythons (D:1)
  3 endoplasms
  A giant cockroach (D:1)
  4 goblins (D:1)
  10 jackals
  3 bats
  2 frilled lizards
  4 kobolds
  5 rats
36 creatures vanquished.

Notes
Turn   | Place    | Note
-------+----------+-------------------------------------------
     0 | D:1      | xaos the Human Wanderer began the quest for the Orb.
     0 | D:1      | xaos set off with the following items: a +2 falchion, a +0
                  | buckler, a +0 robe; and the following spells available to
                  | memorise: Wereblood, Passwall
     0 | D:1      | Reached XP level 1. HP: 16/16 MP: 2/2
   252 | D:1      | Reached XP level 2. HP: 22/22 MP: 3/3
   797 | D:1      | Found a faded altar of an unknown god.
   808 | D:1      | Prayed at the altar of an unknown god.
   808 | D:1      | Became a worshipper of Makhleb the Destroyer
   808 | D:1      | Reached * piety under Makhleb
   919 | D:1      | Reached XP level 3. HP: 27/27 MP: 4/4
  1660 | D:2      | Reached skill level 1 in Armour
  1777 | D:2      | Reached XP level 4. HP: 16/33 MP: 5/5
  1945 | D:2      | Mangled by a gnoll

Illustrated notes

Levels and vault maps discovered:
D:1:      elethiomel_arrival_infinity_welcomes_careful_drivers,
          layout_loops_ring, hellmonk_ecumenical_altar_run_dry
D:2:      layout_rooms, serial_shops, nicolae_shop_window_shopping,
          minmay_misc_feat_hallway, hangedman_decor_clover_reticule,
          minmay_split_cup_large

Skill      XL: |  1  2  3 |
---------------+----------+-----
Armour         | 1 |  1.2
Fighting       | |  2.2
Long Blades    | |  2.6
Dodging        | |  0.6
Shields        | |  2.2
Spellcasting   | |  1.1
Transmutations | |  2.5
Evocations     | |  1.0

Action                   |  1- 3 |  4- 6 || total
-------------------------+-------+-------++-------
Melee: Falchion          |    98 |     7 ||   105
  Use: Potion            |     2 |       ||     2
Armor: Leather armour    |    56 |       ||    56
Dodge: Dodged            |    84 |     3 ||    87
Block: Buckler           |    29 |     1 ||    30
